 Dungeon Crawl Stone Soup version 0.29.0-13-gc9e81de378 (webtiles) character file.

Game seed: 16227080325268135578

7 Ashen the Chiller (level 1, 0/14 HPs)
             Began as a Demonspawn Ice Elementalist on Sept 10, 2022.
             Constricted to death by a ball python (1 damage)
             ... on level 1 of the Dungeon.
             The game lasted 00:01:21 (205 turns).

Ashen the Chiller (Demonspawn Ice Elementalist)      Turns: 205, Time: 00:01:22

Health: 0/14       AC:  2    Str:  8    XL:     1   Next: 83%
Magic:  0/3        EV:  9    Int: 16    God:
Gold:   16         SH:  0    Dex: 13    Spells: 3/4 levels left

rFire   . . .      SeeInvis .   (no weapon)
rCold   . . .      Faith    .   (no shield)
rNeg    . . .      Spirit   .   a - +0 robe
rPois   .          Reflect  .   (no helmet)
rElec   .          Harm     .   (no cloak)
rCorr   .          Rampage  .   (no gloves)
Will    .....                   (no boots)
Stlth   ++........              (no amulet)
HPRegen 0.04/turn               (no ring)
MPRegen 0.08/turn               (no ring)

@: mighty, constricted
A: no striking features
a: no special abilities


You were on level 1 of the Dungeon.
You visited 1 branch of the dungeon, and saw 1 of its levels.

You collected 16 gold pieces.

Inventory:

Armour
 a - a +0 robe (worn)
Potions
 b - a potion of magic


   Skills:
 + Level 0.4 Fighting
 + Level 1.9 Dodging
 + Level 1.9 Stealth
 + Level 2.1 Spellcasting
 + Level 3.6 Ice Magic


You had 3 spell levels left.
You knew the following spells:

 Your Spells              Type           Power      Damage    Failure   Level
a - Freeze                Ice            52%        1d7       4%          1

Your spell library contained the following spells:

 Spells                   Type           Power      Damage    Failure   Level
 Frozen Ramparts          Ice            26%        1d4       14%         3
 Ozocubu's Armour         Ice            13%        N/A       14%         3
 Hailstorm                Conj/Ice       7%         3d4       67%         4


Dungeon Overview and Level Annotations

Branches:
Dungeon (1/15)

Altars:


Message History

The kobold attacks as you move away!
The kobold hits you with a +1 antimagic dagger.
* * * LOW HITPOINT WARNING * * *
The kobold attacks as you move away! The kobold closely misses you.
The rat twitches its whiskers.
The kobold throws a stone.
The stone hits you but does no damage. The rat attacks as you move away!
The rat misses you.
Your magical contamination has completely faded away.
It was a potion of might.
You feel very mighty all of a sudden. The rat barely misses you.
You hit the rat.
You kill the rat!
The kobold attacks as you move away!
The kobold hits you with a +1 antimagic dagger.
* * * LOW HITPOINT WARNING * * *
Casting: Freeze (safe; 4% risk of failure)
Confirm with . or Enter, or press ? or * to list all spells.
Aiming: Freeze (safe; 4% risk of failure)
Press: ? - help, Shift-Dir - straight line, f/p - kobold
Aim: a kobold, wielding a +1 antimagic dagger and quivering stones You freeze the kobold.
You kill the kobold!
Press: ? - help, v - describe, . - travel, g - get item
Items here: a +1 antimagic dagger; 4 stones; a kobold corpse.
The floor.
The ball python closely misses you. The ball python grabs you.
The ball python constricts you.
You escape the ball python's grasp.
The ball python attacks as you move away!
The ball python closely misses you.
You barely miss the ball python. The ball python closely misses you.
The ball python grabs you. The ball python constricts you.
* * * LOW HITPOINT WARNING * * *
You barely miss the ball python. The ball python closely misses you.
The ball python constricts you.
* * * LOW HITPOINT WARNING * * *
You barely miss the ball python. The ball python barely misses you.
The ball python constricts you.
You die...

####.####.####.###.⌠.
.....................
.......<.........##†#
.......................
#.####.####.####.###.⌠.
##.####.####.####.###...
#...##...##...##...####. #.
#.⌠.##.⌠.##.⌠.##.⌠.# ##.
#..#
#...##.@[##...##...###..
#...##.####S####.####.#....#
#........K.............###
############K############
#.#######....#
#.K).........#
#########....# #.S..##
#......


You could see a ball python and a kobold.

Vanquished Creatures
  A dart slug (D:1)
  2 hobgoblins (D:1)
  A kobold (D:1)
  A rat (D:1)
5 creatures vanquished.

Notes
Turn   | Place    | Note
-------+----------+-------------------------------------------
     0 | D:1      | Ashen the Demonspawn Ice Elementalist began the quest for
                  | the Orb.
     0 | D:1      | Reached XP level 1. HP: 13/13 MP: 3/3
   205 | D:1      | Constricted to death by a ball python

Illustrated notes

Levels and vault maps discovered:
D:1:      dpeg_arrival_chambers_temple_mockup, layout_basic,
          nicolae_ecumenical_lake_church, kennysheep_decorative_pillar

Action                   || total
-------------------------++-------
Melee: Unarmed           ||     6
 Cast: Freeze            ||     8
  Use: Potion            ||     1
Armor: Robe              ||     1
Dodge: Dodged            ||    11
